 Dungeon Crawl Stone Soup version 0.19-a0-1937-g70ed36a (webtiles) character file.

16410 mrath the Geomancer (level 12, 0/71 HPs)
             Began as a Gargoyle Earth Elementalist on Oct 26, 2016.
             Was a Priest of Vehumet.
             Slain by a death yak (12 damage)
             ... on level 3 of the Lair of Beasts on Oct 27, 2016.
             The game lasted 02:07:40 (22384 turns).

mrath the Geomancer (Gargoyle Earth Elementalist)  Turns: 22384, Time: 02:07:41

Health: 0/71       AC: 12    Str: 13    XL:     12   Next: 37%
Magic:  24/35      EV: 14    Int: 20    God:    Vehumet [***...]
Gold:   551        SH:  0    Dex: 13    Spells: 8 memorised, 9 levels left

rFire  . . .     SeeInvis .     Z - +0 morningstar (protect)
rCold  . . .     Gourm    .     c - +0 robe
rNeg   + . .     Faith    .     (no shield)
rPois  ∞         Spirit   .     (no helmet)
rElec  +         Reflect  .     (no cloak)
rCorr  .         Harm     .     T - +0 pair of gloves
MR     .....                    (no boots)
Stlth  ++........               (no amulet)
                                a - +3 ring of dexterity
                                Y - ring of magical power

@: repel missiles
A: negative energy resistance 1, electricity resistance, unbreathing,
petrification resistance, rot immunity, AC +8
a: Renounce Religion


You were on level 3 of the Lair of Beasts.
You worshipped Vehumet.
Vehumet was most pleased with you.
You were hungry.

You visited 3 branches of the dungeon, and saw 14 of its levels.

You collected 551 gold pieces.

Inventory:

Hand Weapons
 z - a +2 short sword of venom
 Z - a +0 morningstar of protection (weapon)
Missiles
 k - 13 poisoned needles
 F - 2 tomahawks (quivered)
 G - 2 throwing nets
Armour
 c - a +0 robe (worn)
 e - +0 fire dragon scales
 i - the +0 leather armour of the World {rF+}
   (You found it on level 3 of the Lair of Beasts)

   It protects you from fire.
 T - a +0 pair of gloves (worn)
Magical Staves
 j - an uncursed staff of wizardry
Jewellery
 a - a +3 ring of dexterity (right hand)
 x - an uncursed ring of ice
 H - an uncursed ring of protection from fire
 W - an uncursed ring of resist corrosion
 Y - a ring of magical power (left hand)
Wands
 A - a wand of flame (34/48)
 I - a wand of acid (7/15)
 L - a wand of heal wounds (6/9)
 O - a wand of iceblast (4/15)
Scrolls
 f - 3 scrolls of identify
 h - 2 scrolls of blinking
 o - 6 scrolls of remove curse
 y - 3 scrolls of teleportation
Potions
 g - a potion of haste {unknown}
 m - 2 potions of cancellation {unknown}
 p - 2 potions of flight
 s - 2 potions of magic
 u - a potion of might
 v - 3 potions of heal wounds
 B - 3 potions of curing
 U - 2 potions of lignification
Books
 b - a book of Debilitation

   Spells                             Type                      Level
   a - Corona                         Hexes                        1
   b - Slow                           Hexes                        2
   c - Gell's Gravitas                Hexes/Translocation          3
   d - Inner Flame                    Hexes/Fire                   3
   e - Cause Fear                     Hexes                        4
   f - Leda's Liquefaction            Hexes/Earth                  4
 q - a book of Callings

   Spells                             Type                      Level
   a - Summon Small Mammal            Summoning                    1
   b - Call Imp                       Summoning                    2
   c - Call Canine Familiar           Summoning                    3
   d - Summon Guardian Golem          Hexes/Summoning              3
   e - Summon Lightning Spire         Summoning/Air                4
   f - Summon Ice Beast               Ice/Summoning                4
Comestibles
 d - 6 bread rations
 l - 14 fruits
 n - 2 meat rations


   Skills:
 + Level 6.4 Fighting
 + Level 3.4 Maces & Flails
 + Level 6.4 Armour
 + Level 5.0 Dodging
 - Level 2.1 Stealth
 * Level 10.1 Spellcasting
 + Level 8.1 Conjurations
 - Level 0.7 Transmutations
 + Level 3.1 Fire Magic
 + Level 10.2 Earth Magic
 + Level 5.2 Evocations


You had 9 spell levels left.
You knew the following spells:

 Your Spells              Type           Power        Failure   Level  Hunger
a - Sandblast             Erth           ######       1%          1    None
b - Stone Arrow           Conj/Erth      #####.       1%          3    None
c - Lee's Rapid Deconstr  Erth           ######....   1%          5    ####...
d - Repel Missiles        Chrm/Air       ##....       12%         2    None
e - Shock                 Conj/Air       ####         1%          1    None
f - Throw Flame           Conj/Fire      ####..       1%          2    None
g - Bolt of Magma         Conj/Fire/Erth #####.....   3%          5    ####...
h - Ignite Poison         Fire/Tmut/Pois ###.....     4%          3    None


Dungeon Overview and Level Annotations

Branches:
Dungeon (9/15)             Temple (1/1) D:5            Lair (4/6) D:8
  Swamp (0/4) Lair:2        Snake (0/4) Lair:2
    Orc: D:9-12

Altars:
Ashenzari
Cheibriados
Dithmenos
Elyvilon
Fedhas
Gozag
Hepliaklqana
Kikubaaqudgha
Makhleb
Nemelex Xobeh
Okawaru
Qazlal
Ru
Sif Muna
Trog
Uskayaw
Vehumet
Xom
Yredelemnul
Zin
The Shining One

Annotations:
D:3 varam's ghost, amateur DsMo


Innate Abilities, Weirdness & Mutations

You are resistant to torment.
Your stone body is resilient. (AC +8)
You are immune to poison.
You resist negative energy. (rN+)
You are resistant to electric shocks. (rElec)
You can survive without breathing.
You are immune to petrification.
You are immune to rotting.


Message History

The death yak is lightly wounded.
The death yak completely misses you.
Casting: Stone Arrow
Confirm with . or Enter, or press ? or * to list all spells.
Aiming: Stone Arrow
Press: ? - help, Shift-Dir - straight line, f/p - death yak
Aim: a death yak (lightly wounded)
The stone arrow hits the death yak.
The death yak is lightly wounded.
The death yak gores you!!
* * * LOW HITPOINT WARNING * * *
Casting: Stone Arrow
Confirm with . or Enter, or press ? or * to list all spells.
Aiming: Stone Arrow
Press: ? - help, Shift-Dir - straight line, f/p - death yak
Aim: a death yak (lightly wounded)
The stone arrow hits the death yak.
The death yak is lightly wounded.
The death yak gores you!
You die...

####......####.# #####.......P.#
#.## ##.........P#######..###
###..P###.....##.......#.#
#P..P## #....##..........#
....#####...###.....##.#.#
.#.###......##.....#####.###
####...#..........## ##...##### #
##...#.#.....@.# ##........##
####...##......Y..# #......#....
#.#...###.##.#.#.## ##....#.#.##
....### #..#..#### #..........
....# #....## #.......... ....#
###...### #####......... ....##
#.....# #....#........ .....###
#.....#####...#........
.....P.#####......##............#


You could see a death yak.

Vanquished Creatures
  2 elephants (Lair:3)
  A black mamba (Lair:3)
  9 spiny frogs
  2 komodo dragons (Lair:3)
  A rime drake (Lair:2)
  Grinder (D:6)
  2 tyrant leeches (Lair:2)
  A hippogriff (Lair:2)
  7 blink frogs
  A slime creature (Lair:1)
  17 yaks
  A hungry ghost (D:9)
  4 nagas (Lair:2)
  6 water moccasins
  5 porcupines
  2 hell hounds (D:8)
  4 orc warriors
  A sky beast (D:8)
  2 ice beasts
  2 centaurs
  7 ogres
  12 crocodiles
  4 big kobolds
  6 bullfrogs
  Blork the orc (D:5)
  3 wyvern skeletons
  5 scorpions
  A killer bee (D:8)
  4 electric eels (Lair:2)
  2 vampire bats (Lair:4)
  2 howler monkeys (D:5)
  A crimson imp (D:7)
  2 bullfrog zombies
  A centaur zombie (D:6)
  A quasit (D:9)
  7 jellies
  2 hounds
  4 orc priests
  3 centaur skeletons
  8 orc wizards
  6 iguanas
  6 worker ants
  A hound zombie (D:9)
  A hound skeleton (D:7)
  Robin (D:3)
  A worker ant zombie (D:7)
  7 gnolls (D:3)
  12 adders
  7 shadow imps
  16 oozes
  An adder zombie (D:8)
  A worm (D:3)
  3 dart slugs
  4 leopard geckos
  51 orcs
  12 giant cockroaches
  41 goblins
  29 hobgoblins
  11 jackals
  3 quokkas
  A ball python (D:6)
  11 bats
  8 frilled lizards
  A jackal zombie (D:5)
  16 kobolds
  A leopard gecko skeleton (D:5)
  5 rats (D:3)
  A fungus (Lair:2)
405 creatures vanquished.

Vanquished Creatures (others)
  A bat (D:2)
  10 fungi
11 creatures vanquished.

Grand Total: 416 creatures vanquished

Notes
Turn   | Place    | Note
-------+----------+-------------------------------------------
     0 | D:1      | mrath the Gargoyle Earth Elementalist began the quest for the Orb.
     0 | D:1      | Reached XP level 1. HP: 10/10 MP: 3/3
   678 | D:1      | Reached XP level 2. HP: 9/15 MP: 0/5
  1179 | D:2      | Reached XP level 3. HP: 19/19 MP: 4/6
  1253 | D:2      | Learned a level 3 spell: Stone Arrow
  1975 | D:2      | Reached XP level 4. HP: 24/24 MP: 6/8
  2029 | D:3      | Noticed Robin
  2031 | D:3      | Killed Robin
  2106 | D:3      | Got a twisted helmet
  2118 | D:3      | Reached skill level 5 in Earth Magic
  2389 | D:3      | Noticed varam's ghost (amateur DsMo)
  2460 | D:3      | Reached skill level 1 in Conjurations
  2582 | D:3      | Reached XP level 5. HP: 22/28 MP: 5/10
  4063 | D:3      | Noticed a big kobold
  4248 | D:3      | Reached XP level 6. HP: 28/32 MP: 2/12
  4354 | D:3      | Learned a level 5 spell: Lee's Rapid Deconstruction
  4845 | D:3      | Reached XP level 7. HP: 36/36 MP: 1/14
  4849 | D:3      | Reached skill level 5 in Spellcasting
  6170 | D:4      | Found a shimmering altar of Xom.
  6219 | D:4      | Identified the cursed +0 helmet "Baqefel" {-Cast rPois Int+3} (You took it off Robin on level 3 of the Dungeon)
  7048 | D:4      | Found a basalt altar of Yredelemnul.
  7176 | D:4      | Reached XP level 8. HP: 41/41 MP: 10/17
  7355 | D:5      | Entered Level 5 of the Dungeon
  7779 | D:5      | Found a bloodstained altar of Trog.
  7779 | D:5      | Found a snail-covered altar of Cheibriados.
  7902 | D:5      | Noticed Blork the orc
  7907 | D:5      | Killed Blork the orc
  8089 | D:5      | Found a staircase to the Ecumenical Temple.
  8094 | D:5      | Reached skill level 1 in Fighting
  8106 | Temple   | Entered the Ecumenical Temple
  8361 | D:5      | Reached skill level 1 in Armour
  8588 | D:5      | Reached skill level 1 in Evocations
  9373 | D:6      | Noticed Grinder
  9383 | D:6      | Paralysed by Grinder for 6 turns
  9393 | D:6      | Killed Grinder
  9393 | D:6      | Reached skill level 5 in Conjurations
  9393 | D:6      | Reached XP level 9. HP: 29/49 MP: 0/19
  9636 | D:6      | Found a glowing silver altar of Zin.
 11022 | D:7      | Learned a level 2 spell: Repel Missiles
 12396 | D:8      | Noticed a hand axe
 12396 | D:8      | Noticed a dagger
 12501 | D:8      | Found a hide-covered altar of Uskayaw.
 12708 | D:8      | Found a staircase to the Lair.
 12823 | D:8      | Found a radiant altar of Vehumet.
 12827 | D:8      | Became a worshipper of Vehumet
 13144 | D:8      | Reached XP level 10. HP: 56/56 MP: 15/22
 13414 | Lair:1   | Entered Level 1 of the Lair of Beasts
 13545 | Lair:1   | Noticed a spiny frog
 13550 | Lair:1   | Killed a spiny frog
 14322 | D:9      | Reached * piety under Vehumet
 14322 | D:9      | Offered knowledge of Flame Tongue by Vehumet.
 14440 | D:9      | Got a translucent war axe
 14447 | D:9      | Identified the cursed +2 war axe of Jannid {speed, Dex+3} (You found it on level 9 of the Dungeon)
 15105 | D:8      | Reached skill level 5 in Fighting
 15105 | D:8      | Reached skill level 5 in Armour
 15152 | D:8      | Reached XP level 11. HP: 63/63 MP: 14/24
 15388 | D:8      | Learned a level 1 spell: Shock
 15431 | D:9      | Offered knowledge of Throw Flame by Vehumet.
 15657 | Temple   | Learned a level 2 spell: Throw Flame
 15823 | Lair:1   | Reached ** piety under Vehumet
 16319 | Lair:1   | Reached skill level 1 in Maces & Flails
 16871 | Lair:1   | Reached skill level 1 in Fire Magic
 18017 | Lair:2   | Found a staircase to the Swamp.
 18589 | Lair:2   | Learned a level 5 spell: Bolt of Magma
 18618 | Lair:2   | Offered knowledge of Ignite Poison by Vehumet.
 18745 | Lair:2   | Found a staircase to the Snake Pit.
 19531 | D:6      | Reached *** piety under Vehumet
 19950 | Lair:3   | Reached XP level 12. HP: 10/69 MP: 21/25
 20239 | Lair:3   | Learned a level 3 spell: Ignite Poison
 20250 | Lair:3   | Reached skill level 10 in Earth Magic
 20652 | Lair:3   | Reached skill level 5 in Evocations
 20881 | Lair:3   | Reached skill level 10 in Spellcasting
 20889 | Lair:3   | Got an ichor-stained leather armour
 20989 | Lair:3   | Identified the +0 leather armour of the World {rF+} (You found it on level 3 of the Lair of Beasts)
 21485 | Lair:3   | Reached skill level 5 in Dodging
 21566 | Lair:4   | Offered knowledge of Force Lance by Vehumet.
 21752 | Lair:4   | Noticed a death yak
 21770 | Lair:4   | Noticed a death yak
 22384 | Lair:3   | Slain by a death yak

Vault maps used:
D:1:      scummos_arrival_hexagon, hangedman_decor_riveting
D:2:      lemuel_old_faithful
D:3:      minmay_goblin_kobold_castle, portal_sewer_entry_d, uniq_robin
D:4:      kennysheep_mini, nicolae_overflow_crystal_walls, first_bread
D:5:      wad_river_or_something, gammafunk_temple_overflow_wave,
          uniq_blork_the_orc
D:6:      lemuel_round_altar, uniq_grinder
D:8:      overflow_temple_1_default, dancing_weapons_uskayaw,
          minmay_lair_entry_lava
D:9:      kennysheep_donut
Temple:   eino_narrow_crystal_temple
Lair:1:   lemuel_slime, infiniplex_staircase_pool_2, grunt_megastairs_1
Lair:2:   minmay_swamp_entry_worms, minmay_snake_entry_guardpost_medium,
          grunt_forest_stairs_basic, serial_bayou_lagoon_b
Lair:3:   lemuel_fruit_tree
Lair:4:   roderic_batcave, beast_lair_carwin_1

Skill      XL: |  1  2  3  4  5  6  7  8  9 10 11 12 |
---------------+-------------------------------------+-----
Earth Magic    | 4 5 6 7 8 9 10 | 10.2
Spellcasting   | 3 4 6 7 8 9 10 | 10.1
Conjurations   | 1 2 4 5 7 8 |  8.1
Fighting       | 2 3 5 6 |  6.4
Dodging        | 2 3 4 5 |  5.0
Armour         | 2 3 5 6 |  6.4
Evocations     | 1 2 3 4 5 |  5.2
Maces & Flails | 2 3 |  3.4
Fire Magic     | 2 3 |  3.1
Stealth        | |  2.1
Transmutations | |  0.7

Action                   |  1- 3 |  4- 6 |  7- 9 | 10-12 || total
-------------------------+-------+-------+-------+-------++-------
Melee: Dagger            |    15 |       |       |       ||    15
       Short sword       |    38 |   145 |   281 |   106 ||   570
       Morningstar       |       |       |       |    80 ||    80
       Staff             |       |       |       |    30 ||    30
Throw: Tomahawk          |       |     3 |     1 |     1 ||     5
 Cast: Sandblast         |    45 |    50 |    50 |     7 ||   152
       Stone Arrow       |       |    14 |   133 |   295 ||   442
       Lee's Rapid Decon |       |       |     3 |    10 ||    13
       Repel Missiles    |       |       |     1 |     1 ||     2
       Throw Flame       |       |       |       |    22 ||    22
       Shock             |       |       |       |     2 ||     2
  Use: Scroll            |       |     1 |     4 |     9 ||    14
 Stab: Sleeping          |     1 |       |     2 |     1 ||     4
  Eat: Chunk             |     4 |    10 |    28 |    18 ||    60
       Pizza             |       |       |     1 |     2 ||     3
       Royal jelly       |       |       |       |     2 ||     2
       Beef jerky        |       |       |       |     1 ||     1
       Fruit             |       |       |       |     2 ||     2
       Bread ration      |       |       |       |     1 ||     1
Armor: Robe              |    15 |    66 |   125 |   121 ||   327
       Leather armour    |       |       |       |    13 ||    13
Dodge: Dodged            |    46 |   113 |   194 |   236 ||   589
       Deflected         |       |       |     1 |     2 ||     3
